 Dungeon Crawl Stone Soup version 0.24.0-1-gfbc8707 (webtiles) character file.

Game seed: 3591909251321918680, levelgen mode: deterministic

11 Fang the Skirmisher (level 2, 0/19 HPs)
             Began as a Gargoyle Berserker on Oct 31, 2019.
             Was a Follower of Trog.
             Slain by a jackal (1 damage)
             ... on level 1 of the Dungeon.
             The game lasted 00:00:47 (127 turns).

Fang the Skirmisher (Gargoyle Berserker)             Turns: 127, Time: 00:00:48

Health: 0/19       AC:  5    Str: 20    XL:     2   Next: 29%
Magic:  2/2        EV: 12    Int:  7    God:    Trog [*.....]
Gold:   14         SH:  0    Dex:  9    Spells: 1/1 levels left

rFire    . . .     SeeInvis .   a - +0 hand axe
rCold    . . .     Gourm    .   (no shield)
rNeg     + . .     Faith    .   b - +0 animal skin
rPois    ∞         Spirit   .   (no helmet)
rElec    +         Reflect  .   (no cloak)
rCorr    .         Harm     .   (no gloves)
MR       .....                  (no boots)
Stlth    +.........             (no amulet)
HPRegen  0.06/turn              (no ring)
MPRegen  0.08/turn              (no ring)

@: berserk cooldown, slowed, very slow
A: negative energy resistance 1, electricity resistance, unbreathing,
petrification resistance, rot immunity, AC +2
a: Berserk, Renounce Religion


You were on level 1 of the Dungeon.
You worshipped Trog.
Trog was aware of your devotion.
You were not hungry.

You visited 1 branch of the dungeon, and saw 1 of its levels.

You collected 14 gold pieces.

Inventory:

Hand Weapons
 a - a +0 hand axe (weapon)
Armour
 b - a +0 animal skin (worn)
Scrolls
 d - a scroll of magic mapping {unknown}
Comestibles
 c - a ration


   Skills:
 + Level 3.5 Fighting
 + Level 2.8 Axes
 + Level 2.4 Armour
 + Level 1.8 Dodging


You had one spell level left.
You didn't know any spells.
Your spell library was empty.

Dungeon Overview and Level Annotations

Branches:
Dungeon (1/15)

Altars:


Innate Abilities, Weirdness & Mutations

You are resistant to torment.
Your stone body is resilient. (AC +2)
You are immune to poison.
You resist negative energy. (rN+)
You are resistant to electric shocks. (rElec)
You can survive without breathing.
You are immune to petrification.
You are immune to rotting.


Message History

a jackal corpse; a hobgoblin corpse You slash the jackal!
You kill the jackal!
Trog accepts your kill.
You closely miss the jackal. The jackal barely misses you.
The jackal closely misses you.
You see here a jackal corpse.
You feel a strong urge to attack something.
The jackal barely misses you.
You feel your anger nearly subside.
You are no longer berserk.
You are exhausted.
You feel yourself slow down. The jackal bites you.
* * * LOW HITPOINT WARNING * * *
The jackal closely misses you. The jackal barely misses you.
You miss the jackal. The jackal barely misses you.
The jackal closely misses you.
You barely miss the jackal. The jackal bites you.
* * * LOW HITPOINT WARNING * * *
The jackal closely misses you. The jackal bites you.
You die...

##+######## #.........#
##########.........#
#..........>...@h..+
##.########>.....†..#
..........#......†..#
..........##.###.#....!..
.......................%.
..........#.####.#.###.##
..........#. #.... ...
..........#. ###.## ##
..........# .#


You could see a jackal.

Vanquished Creatures
  An ooze (D:1)
  A goblin (D:1)
  A hobgoblin (D:1)
  2 jackals (D:1)
  2 rats (D:1)
7 creatures vanquished.

Notes
Turn   | Place    | Note
-------+----------+-------------------------------------------
     0 | D:1      | Fang the Gargoyle Berserker began the quest for the Orb.
     0 | D:1      | Reached XP level 1. HP: 14/14 MP: 1/1
     2 | D:1      | Noticed a draconian
     2 | D:1      | Noticed an elf
     4 | D:1      | Noticed a formicid
     4 | D:1      | Noticed a demigod
     6 | D:1      | Noticed a centaur
     8 | D:1      | Noticed a felid
     8 | D:1      | Noticed a troll
    10 | D:1      | Noticed a merfolk
    10 | D:1      | Noticed a vine stalker
    12 | D:1      | Noticed a demonspawn
    12 | D:1      | Noticed a gargoyle
    14 | D:1      | Noticed a minotaur
    14 | D:1      | Noticed a tengu
    16 | D:1      | Noticed a spriggan
    18 | D:1      | Noticed a naga
    18 | D:1      | Noticed a human
    20 | D:1      | Noticed an octopode
    22 | D:1      | Noticed a vampire
    22 | D:1      | Noticed a halfling
    24 | D:1      | Noticed a dwarf
    26 | D:1      | Noticed an ogre
    26 | D:1      | Noticed a ghoul
    73 | D:1      | Reached XP level 2. HP: 12/19 MP: 2/2
   127 | D:1      | Slain by a jackal

Levels and vault maps discovered:
D:1:      kb_arrival_jail, layout_basic

Action                   || total
-------------------------++-------
Melee: Hand axe          ||    20
Invok: Berserk           ||     1
Armor: Animal skin       ||     7
Dodge: Dodged            ||    23
